 Dungeon Crawl Stone Soup version 0.30-a0-591-g3c58d2bc28 (webtiles) character file.

Game seed: 2608044536100606653

111 Bapho the Ruffian (level 4, 0/35 HPs)
             Began as a Draconian Transmuter on Jan 5, 2023.
             Slain by an iguana (2 damage)
             ... on level 3 of the Dungeon.
             The game lasted 00:05:12 (2314 turns).

Bapho the Ruffian (Draconian Transmuter)            Turns: 2314, Time: 00:05:12

Health: 0/35       AC:  6    Str: 15    XL:     4   Next: 62%
Magic:  7/7        EV: 12    Int: 13    God:
Gold:   163        SH:  0    Dex: 11    Spells: 1/7 levels left

rFire   . . .      SeeInvis .      - Unarmed
rCold   + . .      Faith    .    (no shield)
rNeg    . . .      Spirit   .    (body armour unavailable)
rPois   .          Reflect  .    (helmet restricted)
rElec   .          Harm     .    (no cloak)
rCorr   .          Rampage  .    u - +0 pair of gloves
Will    .....                    (no boots)
Stlth   +                        (no amulet)
HPRegen 0.25/turn                j - ring of protection from cold
MPRegen 0.10/turn                (no ring)

@: no status effects
A: AC +5, unfitting armour, cold-blooded
a: no special abilities


You were on level 3 of the Dungeon.
You visited 1 branch of the dungeon, and saw 3 of its levels.

You collected 163 gold pieces.

Inventory:

Missiles
 e - 42 stones
 g - 5 javelins
Armour
 u - a +0 pair of gloves (worn)
Jewellery
 j - a ring of protection from cold (left hand)
Scrolls
 b - 2 scrolls of enchant weapon {unknown}
 c - a scroll of blinking {unknown}
 f - a scroll of fear {unknown}
 h - 2 scrolls of torment {unknown}
 k - a scroll of brand weapon {unknown}
 m - 2 scrolls of enchant armour {unknown}
 n - 3 scrolls of identify {unknown}
 o - a scroll of silence {unknown}
 p - a scroll of teleportation {unknown}
 s - a scroll of magic mapping {unknown}
Potions
 a - a potion of lignification
 d - a potion of cancellation {unknown}
 i - 2 potions of haste {unknown}
 l - 5 potions of curing {unknown}
 q - a potion of mutation {unknown}
 r - a potion of resistance {unknown}
 t - 2 potions of flight {unknown}
 v - a potion of brilliance {unknown}


   Skills:
 - Level 1.1 Fighting
 - Level 1.7 Dodging
 - Level 0.4 Stealth
 - Level 4.1 Unarmed Combat
 - Level 2.0 Spellcasting
 + Level 2.9 Transmutations
 + Level 2.3 Poison Magic


You had one spell level left.
You knew the following spells:

 Your Spells              Type           Power      Damage    Failure   Level
a - Beastly Appendage     Tmut           16%        N/A       8%          1
b - Wereblood             Tmut           8%         N/A       12%         2
c - Spider Form           Tmut/Pois      8%         N/A       26%         3

Your spell library contained the following spells:

 Spells                   Type           Power      Damage    Failure   Level
 Foxfire                  Conj/Fire      4%         2x1d4     26%         1
 Ignite Poison            Fire/Tmut/Pois 5%         N/A       36%         3
 Inner Flame              Hex/Fire       1%         N/A       58%         3
 Kindle Blastsparks       Fire/Tloc/Air  2%         2d10      58%         3
 Ice Form                 Ice/Tmut       5%         N/A       80%         4
 Flame Wave               Conj/Fire      1%         2d4       94%         4
 Sticky Flame             Conj/Fire      1%         2d3       94%         4
 Fireball                 Conj/Fire      0%         3d3       100%        5
 Freezing Cloud           Conj/Ice/Air   0%         6-21      100%        5
 Starburst                Conj/Fire      0%         6d3       100%        6


Dungeon Overview and Level Annotations

Branches:
Dungeon (3/15)

Altars:
Dithmenos


Innate Abilities, Weirdness & Mutations

Your plain brown scales are hard. (AC +5)
You cannot fit into any form of body armour.
You are cold-blooded and may be slowed by cold attacks.


Message History

You headbutt the iguana, but do no damage.
You tail-slap the iguana, but do no damage.
The iguana is severely wounded.
The iguana bites you but does no damage.
You hit the iguana but do no damage.
The iguana is severely wounded.
The iguana bites you but does no damage.
You closely miss the iguana. You claw the iguana, but do no damage.
Your tail-slap misses the iguana.
The iguana is severely wounded.
The iguana closely misses you.
You hit the iguana but do no damage. You claw the iguana.
The iguana is almost dead.
The iguana closely misses you.
You barely miss the iguana. You claw the iguana.
Your headbutt misses the iguana.
Your tail-slap misses the iguana.
The iguana is almost dead.
The iguana bites you.
You hit the iguana but do no damage.
The iguana is almost dead.
The iguana misses you.
You barely miss the iguana. You claw the iguana, but do no damage.
The iguana is almost dead.
Your horns disappear.
Your talons disappear.
The iguana bites you.
You are too injured to fight recklessly!
You are too injured to fight recklessly!
You are too injured to fight recklessly!
You closely miss the iguana.
You tail-slap the iguana, but do no damage.
The iguana is almost dead.
The iguana bites you!
You barely miss the iguana.
The iguana is almost dead.
The iguana bites you!
* * * LOW HITPOINT WARNING * * *
You closely miss the iguana.
The iguana is almost dead.
The iguana bites you.
You die...

#######.##.#.#....#
#
#............#....#
#
#.###...##.###....#
# #.# #...##.#
##...# ## #.#
#...##.# #...# #.
#.# #...##.# #...#
#. #.# #...##.#
##### #.
###.###...##.# #.
#.......@.##.# #.
#######.#l##.# ##
#.#.##.# #####
#.#.#..# #....
#.#.#..# #.###
#...#..# #.#..
#####.## #.#.# #.#
#.#.# #.# #.#..


You could see an iguana.

Vanquished Creatures
  2 adders (D:2)
  4 worms
  A dart slug (D:2)
  10 orcs (D:3)
  3 ball pythons
  6 bats
  5 endoplasms
  A giant cockroach (D:2)
  4 hobgoblins
  7 jackals (D:1)
  6 kobolds
  2 quokkas (D:2)
  2 frilled lizards
  4 goblins
  8 rats
65 creatures vanquished.

Notes
Turn   | Place    | Note
-------+----------+-------------------------------------------
     0 | D:1      | Bapho the Draconian Transmuter began the quest for the Orb.
     0 | D:1      | Reached XP level 1. HP: 16/16 MP: 3/3
   174 | D:1      | Reached XP level 2. HP: 23/23 MP: 3/5
   225 | D:1      | Learned a level 2 spell: Wereblood
   494 | D:1      | Found a faded altar of an unknown god.
   542 | D:1      | Reached skill level 4 in Unarmed Combat
   629 | D:1      | Reached XP level 3. HP: 28/28 MP: 3/6
   633 | D:1      | Learned a level 3 spell: Spider Form
   908 | D:2      | Reached skill level 1 in Poison Magic
  1208 | D:2      | Reached XP level 4. HP: 35/35 MP: 7/7
  1570 | D:3      | Found a shadowy altar of Dithmenos.
  2313 | D:3      | HP: 1/35 [iguana (11)]
  2314 | D:3      | Slain by an iguana

Illustrated notes

Levels and vault maps discovered:
D:1:      dreamdust_arrival_sigmund_warning, layout_basic,
          chequers_ecumenical_altar_island, minmay_misc_feat_secret_circle
D:2:      layout_loops_cross, minmay_misc_feat_columns
D:3:      layout_basic, mainiacjoe_overflow_boulevard

Skill      XL: |  1  2  3  4 |
---------------+-------------+-----
Unarmed Combat | 4 |  4.1
Poison Magic   | 1 2 |  2.3
Fighting       | |  1.1
Dodging        | |  1.7
Stealth        | |  0.4
Spellcasting   | |  2.0
Transmutations | |  2.9

Action                   |  1- 3 |  4- 6 || total
-------------------------+-------+-------++-------
Melee: Unarmed           |   110 |   101 ||   211
       Tailslap          |    13 |    15 ||    28
       Punch             |     1 |       ||     1
       Headbutt          |    11 |     8 ||    19
       Kick              |    11 |    20 ||    31
Throw: Javelin           |     1 |       ||     1
 Cast: Beastly Appendage |     9 |    10 ||    19
       Wereblood         |     2 |     2 ||     4
 Stab: Sleeping          |     1 |     1 ||     2
Armor: Skin              |    34 |    20 ||    54
Dodge: Dodged            |    60 |    50 ||   110

Table legend: (Time is in decaauts)
 A = Elapsed time spent in this place.
 B = Non-inter-level travel time spent in this place.
 C = Inter-level travel time spent in this place.
 D = Time resting spent in this place.
 E = Time spent auto-exploring this place.
 F = Levels seen in this place.
 G = Mean time per level.
                   A        B        C        D        E       F      G
               +--------+--------+--------+--------+--------+-----+--------+
         Total |   2300 |   2269 |     31 |      0 |   1786 |   3 |  766.7 |
       Dungeon |   2300 |   2269 |     31 |      0 |   1786 |   3 |  766.7 |
               +--------+--------+--------+--------+--------+-----+--------+

Top non-repeatable levels by time:
     D:3: 854 daAuts
     D:2: 726 daAuts
     D:1: 720 daAuts
